 Dungeon Crawl Stone Soup version 0.29-a0-575-g0dc89cf053 (webtiles) character file.

Game seed: 9129641520251792237

94 DocClef the Covert (level 4, -4/41 HPs)
             Began as a Gnoll Delver on June 12, 2022.
             Slain by an ice beast (11 damage)
             ... on level 5 of the Dungeon.
             The game lasted 00:00:20 (137 turns).

DocClef the Covert (Gnoll Delver)                    Turns: 137, Time: 00:00:20

Health: -4/41      AC:  3    Str: 11    XL:     4   Next: 63%
Magic:  5/5        EV: 13    Int:  9    God:
Gold:   0          SH:  0    Dex: 16    Spells: 5/5 levels left

rFire   . . .      SeeInvis .   a - +0 short sword
rCold   . . .      Faith    .   (no shield)
rNeg    . . .      Spirit   .   b - +0 leather armour
rPois   .          Reflect  .   (no helmet)
rElec   .          Harm     .   (no cloak)
rCorr   .          Rampage  .   (no gloves)
Will    .....                   (no boots)
Stlth   ++++......              (no amulet)
HPRegen 0.13/turn               (no ring)
MPRegen 0.09/turn               (no ring)

@: no status effects
A: fangs 1, strong nose, distributed training
a: no special abilities


You were on level 5 of the Dungeon.
You visited 1 branch of the dungeon, and saw 1 of its levels.

Inventory:

Hand Weapons
 a - a +0 short sword (weapon)
Armour
 b - a +0 leather armour (worn)
Wands
 g - a wand of digging (3)
 i - a wand of iceblast (8)
Scrolls
 c - a scroll of fog
 d - a scroll of magic mapping
 e - a scroll of fear
 h - a scroll of identify {unknown}
Potions
 f - a potion of haste


   Skills:
 + Level 6.6 Fighting
 + Level 4.6 Short Blades
 + Level 1.2 Long Blades
 + Level 1.2 Axes
 + Level 1.2 Maces & Flails
 + Level 1.2 Polearms
 + Level 1.2 Staves
 + Level 1.2 Slings
 + Level 1.2 Bows
 + Level 1.2 Crossbows
 + Level 1.2 Throwing
 + Level 1.2 Armour
 + Level 4.6 Dodging
 + Level 9.6 Stealth
 + Level 1.2 Shields
 + Level 1.2 Unarmed Combat
 + Level 1.2 Spellcasting
 + Level 1.0 Conjurations
 + Level 1.0 Hexes
 + Level 1.0 Summonings
 + Level 1.0 Necromancy
 + Level 1.0 Translocations
 + Level 1.0 Transmutations
 + Level 1.0 Fire Magic
 + Level 1.0 Ice Magic
 + Level 1.0 Air Magic
 + Level 1.0 Earth Magic
 + Level 1.0 Poison Magic
 + Level 1.3 Invocations
 + Level 1.2 Evocations


You had 5 spell levels left.
You didn't know any spells.
Your spell library was empty.

Dungeon Overview and Level Annotations

Branches:
Dungeon (5/15)
 Temple: D:4-7

Altars:

Annotations:
D:5 Grinder


Innate Abilities, Weirdness & Mutations

You have very sharp teeth.
Your uncanny sense of smell can sniff out nearby items.
Your experience applies equally to all skills.


Message History

You barely miss the white imp.
The white imp is heavily wounded.
The ice beast hits you but does no damage.
The white imp closely misses you.
You closely miss the white imp.
The white imp is heavily wounded.
The white imp gestures at you. The puff of frost hits you!
The ice beast hits you but does no damage.
You hit the white imp.
The white imp is heavily wounded.
The white imp hits you.
* * * LOW HITPOINT WARNING * * *
The white imp freezes you.
* * * LOW HITPOINT WARNING * * *
The ice beast barely misses you.
You hit the white imp but do no damage.
The white imp is heavily wounded.
The ice beast barely misses you. The white imp closely misses you.
You hit the white imp.
You kill the white imp!
The ice beast barely misses you.
Your Conjurations skill increases to level 1!
Your Hexes skill increases to level 1!
Your Summonings skill increases to level 1!
Your Necromancy skill increases to level 1!
Your Translocations skill increases to level 1!
Your Transmutations skill increases to level 1!
Your Fire Magic skill increases to level 1!
Your Ice Magic skill increases to level 1!
Your Air Magic skill increases to level 1!
Your Earth Magic skill increases to level 1!
Your Poison Magic skill increases to level 1!
You closely miss the ice beast.
You bite the ice beast, but do no damage.
You closely miss the ice beast. The ice beast barely misses you.
You hit the ice beast but do no damage. The ice beast hits you.
* * * LOW HITPOINT WARNING * * *
The ice beast freezes you!
You die...

#.............#.........#
#######.........##.#.##.#
#...Y.....##.#....#
#.........####.##.#∆ ∆
#.........# #.##.#∆∆∆
#######...####.##.#∆ ∆
#..........##.#######
#...Y.....###........
#...@.....# #####.###
#.........# #.# #
#.........# #.###
#.........# #....
########### ##### # # # #


You could see an ice beast.

Vanquished Creatures
  An ogre (D:5)
  A white imp (D:5)
2 creatures vanquished.

Notes
Turn   | Place    | Note
-------+----------+-------------------------------------------
     0 | D:5      | Reached skill level 9 in Stealth
     0 | D:5      | DocClef the Gnoll Delver began the quest for the Orb.
     0 | D:5      | Reached XP level 1. HP: 23/23 MP: 1/1
    43 | D:5      | Noticed an ogre
    50 | D:5      | Killed an ogre
    51 | D:5      | Reached skill level 1 in Long Blades
    51 | D:5      | Reached skill level 1 in Axes
    51 | D:5      | Reached skill level 1 in Maces & Flails
    51 | D:5      | Reached skill level 1 in Polearms
    51 | D:5      | Reached skill level 1 in Staves
    51 | D:5      | Reached skill level 1 in Slings
    51 | D:5      | Reached skill level 1 in Bows
    51 | D:5      | Reached skill level 1 in Crossbows
    51 | D:5      | Reached skill level 1 in Throwing
    51 | D:5      | Reached skill level 1 in Armour
    51 | D:5      | Reached skill level 1 in Shields
    51 | D:5      | Reached skill level 1 in Unarmed Combat
    51 | D:5      | Reached skill level 1 in Spellcasting
    51 | D:5      | Reached skill level 1 in Invocations
    51 | D:5      | Reached skill level 1 in Evocations
    51 | D:5      | Reached XP level 2. HP: 29/29 MP: 1/3
    51 | D:5      | Reached XP level 3. HP: 35/35 MP: 1/4
    51 | D:5      | Reached XP level 4. HP: 41/41 MP: 1/5
   100 | D:5      | Noticed an ice beast
   101 | D:5      | Noticed Grinder
   135 | D:5      | Reached skill level 1 in Conjurations
   135 | D:5      | Reached skill level 1 in Hexes
   135 | D:5      | Reached skill level 1 in Summonings
   135 | D:5      | Reached skill level 1 in Necromancy
   135 | D:5      | Reached skill level 1 in Translocations
   135 | D:5      | Reached skill level 1 in Transmutations
   135 | D:5      | Reached skill level 1 in Fire Magic
   135 | D:5      | Reached skill level 1 in Ice Magic
   135 | D:5      | Reached skill level 1 in Air Magic
   135 | D:5      | Reached skill level 1 in Earth Magic
   135 | D:5      | Reached skill level 1 in Poison Magic
   137 | D:5      | Slain by an ice beast

Illustrated notes

Levels and vault maps discovered:
D:5:      kennysheep_windowed_halls, layout_basic, uniq_pikel, uniq_grinder

Skill      XL: |  1  2  3  4 |
---------------+-------------+-----
Stealth        | |  9.6
Long Blades    | 1 |  1.2
Axes           | 1 |  1.2
Maces & Flails | 1 |  1.2
Polearms       | 1 |  1.2
Staves         | 1 |  1.2
Slings         | 1 |  1.2
Bows           | 1 |  1.2
Crossbows      | 1 |  1.2
Throwing       | 1 |  1.2
Armour         | 1 |  1.2
Shields        | 1 |  1.2
Unarmed Combat | 1 |  1.2
Spellcasting   | 1 |  1.2
Invocations    | 1 |  1.3
Evocations     | 1 |  1.2
Conjurations   | 1 |  1.0
Hexes          | 1 |  1.0
Summonings     | 1 |  1.0
Necromancy     | 1 |  1.0
Translocations | 1 |  1.0
Transmutations | 1 |  1.0
Fire Magic     | 1 |  1.0
Ice Magic      | 1 |  1.0
Air Magic      | 1 |  1.0
Earth Magic    | 1 |  1.0
Poison Magic   | 1 |  1.0
Fighting       | |  6.6
Short Blades   | |  4.6
Dodging        | |  4.6

Action                   |  1- 3 |  4- 6 || total
-------------------------+-------+-------++-------
Melee: Short sword       |     1 |    18 ||    19
       Bite              |       |     3 ||     3
 Stab: Sleeping          |     1 |       ||     1
Armor: Leather armour    |       |     3 ||     3
Dodge: Dodged            |       |    16 ||    16

Table legend: (Time is in decaauts)
 A = Elapsed time spent in this place.
 B = Non-inter-level travel time spent in this place.
 C = Inter-level travel time spent in this place.
 D = Time resting spent in this place.
 E = Time spent auto-exploring this place.
 F = Levels seen in this place.
 G = Mean time per level.
                   A        B        C        D        E       F      G
               +--------+--------+--------+--------+--------+-----+--------+
         Total |    134 |    134 |      0 |      0 |     82 |   1 |  134.0 |
       Dungeon |    134 |    134 |      0 |      0 |     82 |   1 |  134.0 |
               +--------+--------+--------+--------+--------+-----+--------+

Top non-repeatable levels by time:
     D:5: 134 daAuts
